 Dungeon Crawl Stone Soup version 0.16-a0-4048-g245e628 (webtiles) character file.

19 timbw the Caller (level 2, -4/11 HPs)
             Began as a Felid Summoner on Feb 19, 2015.
             Slain by an adder (5 damage)
             ... on level 2 of the Dungeon.
             The game lasted 00:02:27 (475 turns).

timbw the Caller (Felid Summoner)                    Turns: 475, Time: 00:02:27

Health: -4/11      AC:  1    Str:  4    XL:     2   Next: 55%
Magic:  5/5        EV: 18    Int: 16    God:
Gold:   41         SH:  0    Dex: 16    Spells: 2 memorised, 2 levels left
                                        Lives:  0   Deaths: 0

rFire  . . .     SeeInvis +     (weapon unavailable)
rCold  . . .     Clarity  .     (armour unavailable)
rNeg   . . .     SustAb   .     (shield unavailable)
rPois  .         Gourm    .     (helmet unavailable)
rElec  .         Spirit   .     (cloak unavailable)
rCorr  .         Warding  .     (gloves unavailable)
rMut   .         Stasis   .     (boots unavailable)
MR     .....                    (no amulet)
Stlth  +++.......               (no ring)
                                (no ring)

@: lethally poisoned (-4 -> -14), very slightly contaminated, quick, not
resistant to hostile enchantments, fairly stealthy
A: paw claws, no armour, no weapons or thrown items, fangs 3, see invisible,
carnivore 3, speed 1, shaggy fur 1, slow metabolism 1, sharp paws
a: no special abilities


You were on level 2 of the Dungeon.
You were very full.

You visited 1 branch of the dungeon, and saw 2 of its levels.

You collected 41 gold pieces.

Inventory:

Magical devices
 k - a wand of magic darts (47)
Scrolls
 a - a scroll of remove curse
Potions
 e - a potion of magic
 f - a potion of ambrosia {unknown}
 i - a potion of heal wounds {unknown}
 j - a potion of cancellation {unknown}
Books
 b - a book of Callings

   Spells                             Type                      Level
   a - Summon Small Mammal            Summoning                    1
   b - Call Imp                       Summoning                    2
   c - Call Canine Familiar           Summoning                    3
   d - Summon Guardian Golem          Hexes/Summoning              4
   e - Summon Lightning Spire         Summoning/Air                4
   f - Summon Ice Beast               Ice/Summoning                4
Comestibles
 c - a meat ration
 g - a chunk of flesh


   Skills:
 - Level 2.6 Dodging
 - Level 2.6 Stealth
 - Level 2.0 Spellcasting
 + Level 4.7 Summonings


You had 2 spell levels left.
You knew the following spells:

 Your Spells              Type           Power        Failure   Level  Hunger
a - Summon Small Mammal   Summ           ###.         3%          1    #......
b - Call Imp              Summ           ###.....     6%          2    ###....


Dungeon Overview and Level Annotations

Branches:
Dungeon (2/15)

Altars:


Innate Abilities, Weirdness & Mutations

You cannot wear armour.
You are incapable of wielding weapons or throwing items.
You have razor-sharp teeth.
You have supernaturally acute eyesight.
You are carnivorous and can eat meat at any time.
You cover ground quickly.
You are covered in fur (AC +1).
You have a slow metabolism.
Your paws have sharp claws that are effective at stabbing.


Message History

You are very lightly contaminated with residual magic.
A fistful of eyes flickers past your view.
The adder bites you.
You are lethally poisoned!
The adder poisons you! The adder barely misses you.
Casting: Call Imp
Confirm with . or Enter, or press ? or * to list all spells.
A beastly little devil appears in a puff of flame.
* * * LOW HITPOINT WARNING * * *
You feel sick. The adder closely misses you.
Your crimson imp completely misses the adder.
Unknown command.
* * * LOW HITPOINT WARNING * * *
You feel sick.
* * * LOW HITPOINT WARNING * * *
You feel sick.
Your crimson imp blinks!
Drink which item? (? for menu, Esc to quit)
It was a potion of magic.
Magic courses through your body. The adder bites you.
You die...

#.# #..##.......... . #.#
#...'.......... ##.. #.#
#.###.......... (.... #.# #.#
#.......... .... #.# #.#
#.......... .###.. #.# #.#
#......<... .......## #.####.#
#..........
....#...####......#############
.<.......§..5.S@...>#
#.#.###..####.#.#### ##.##
#.#.# #§.# #.#.# ##.###.#.#
#..##.#.# #.....##...#
#......#.#.# #......#.#.


You could see an adder and a friendly crimson imp.

Vanquished Creatures
  2 goblins (D:1)
  A bat (D:1)
  A kobold (D:1)
4 creatures vanquished.

Vanquished Creatures (collateral kills)
  A worm (D:2)
  2 oozes (D:1)
  4 giant cockroaches (D:1)
  A goblin (D:1)
  2 hobgoblins
  2 kobolds (D:1)
  A giant newt (D:1)
  A rat (D:1)
14 creatures vanquished.

Vanquished Creatures (others)
  A bat (D:1)
  2 rats (D:1)
3 creatures vanquished.

Grand Total: 21 creatures vanquished

Notes
Turn   | Place    | Note
--------------------------------------------------------------
     0 | D:1      | timbw, the Felid Summoner, began the quest for the Orb.
     0 | D:1      | Reached XP level 1. HP: 7/7 MP: 4/4
   244 | D:1      | Reached XP level 2. HP: 9/11 MP: 3/5
   249 | D:1      | Learned a level 2 spell: Call Imp
   475 | D:2      | Slain by an adder

Action                   || total
-------------------------++-------
Melee: Unarmed           ||    35
 Cast: Summon Small Mamm ||    13
       Call Imp          ||     7
  Use: Scroll            ||     3
       Potion            ||     1
 Stab: Sleeping          ||     3
  Eat: Chunk             ||     6
